 Dungeon Crawl Stone Soup version 0.28-a0-595-g9f6c0e134a (webtiles) character file.

Game seed: 6308432857073349019

3827 Spaninq the Zephyrmancer (level 10, -6/59 HPs)
             Began as a Tengu Air Elementalist on Oct 4, 2021.
             Was an Initiate of Ashenzari.
             Mangled by a two-headed ogre (13 damage)
             ... on level 8 of the Dungeon.
             The game lasted 00:34:44 (10578 turns).

Spaninq the Zephyrmancer (Tengu Air Elementalist)  Turns: 10578, Time: 00:34:45

Health: -6/59      AC:  3    Str:  8    XL:     10   Next: 17%
Magic:  15/21      EV: 14    Int: 19    God:    Ashenzari [......]
Gold:   381        SH:  0    Dex: 15    Spells: 16/23 levels left

rFire   . . .      SeeInvis .   w - +2 whip (freeze)
rCold   . . .      Faith    .   (no shield)
rNeg    . . .      Spirit   .   a - +0 robe
rPois   .          Reflect  .   (helmet restricted)
rElec   .          Harm     .   (no cloak)
rCorr   .          Rampage  .   f - +0 pair of gloves "All-seeing Bad Feelings" {Comp, Elem} (curse)
Will    .....                   (boots unavailable)
Stlth   ++........              (no amulet)
HPRegen 0.19/turn               (no ring)
MPRegen 0.17/turn               (no ring)

@: flying quickly and evasively, studying Summonings, quick
A: beak, talons 3, nimble flight
a: Renounce Religion, Curse Item, Shatter the Chains


You were on level 8 of the Dungeon.
You worshipped Ashenzari.
Ashenzari was noncommittal.
You visited 2 branches of the dungeon, and saw 9 of its levels.

You collected 381 gold pieces.

Inventory:

Hand Weapons
 w - a +2 whip of freezing (weapon)
Missiles
 q - 3 silver boomerangs (quivered)
Armour
 a - a +0 robe (worn)
 f - the cursed +0 pair of gloves "All-seeing Bad Feelings" (worn) {Comp, Elem}
   (You found it on level 1 of the Dungeon)

   It has a curse which improves the following skills: Companions: Summonings
   and Necromancy.
   Elements:  Fire Magic, Ice Magic, Air Magic and Earth Magic.
Jewellery
 j - a ring of fire
Wands
 e - a wand of iceblast (13)
 m - a wand of polymorph (4)
 n - a wand of mindburst (13)
 u - a wand of flame (33)
Scrolls
 d - 2 scrolls of summoning
 g - a scroll of magic mapping
 h - 2 scrolls of amnesia
 i - 7 scrolls of teleportation
 l - 2 scrolls of fog
 o - a scroll of enchant weapon
 r - a scroll of holy word
 s - a scroll of blinking
 v - 2 scrolls of fear
Potions
 b - 2 potions of brilliance
 c - 3 potions of heal wounds
 k - a potion of haste
 p - a potion of ambrosia
 t - a potion of curing


   Skills:
 + Level 5.3 Fighting
 - Level 2.1 Dodging
 - Level 2.0 Stealth
 * Level 7.3 Spellcasting
 * Level 10.0 Conjurations
 * Level 10.7(11.2) Air Magic


You had 16 spell levels left.
You knew the following spells:

 Your Spells              Type           Power      Damage    Failure   Level
a - Shock                 Conj/Air       100%       1d9       1%          1
b - Static Discharge      Conj/Air       47%        N/A       1%          2
c - Airstrike             Air            24%        N/A       1%          4

Your spell library contained the following spells:

 Spells                   Type           Power      Damage    Failure   Level
 Swiftness                Air            49%        N/A       1%          3
 Hailstorm                Conj/Ice       26%        3d7       12%         4
 Ensorcelled Hibernation  Hex/Ice        14%        N/A       14%         2
 Spider Form              Tmut/Pois      3%         N/A       30%         3
 Ice Form                 Ice/Tmut       7%         N/A       67%         4
 Ozocubu's Refrigeration  Ice            3%         4d5       100%        7


Dungeon Overview and Level Annotations

Branches:
Dungeon (8/15)             Temple (1/1) D:5
   Lair: D:8-11

Altars:
Ashenzari
Cheibriados
Dithmenos
Elyvilon
Fedhas
Gozag
Hepliaklqana
Kikubaaqudgha
Makhleb
Nemelex Xobeh
Okawaru
Qazlal
Ru
Sif Muna
Trog
Uskayaw
Vehumet
Wu Jian
Xom
Yredelemnul
Zin
The Shining One

Shops:
D:7 ?

Annotations:
D:3 3 runed translucent doors, CowFu's ghost, amateur DDFi; CryptKilla's ghost, amateur PaFi; poop123's ghost, amateur TrMo
D:7 exclusions: door and sky beast
D:8 3 runed translucent doors, exclusion: centaur, Harold


Innate Abilities, Weirdness & Mutations

You have a beak for a mouth.
You have claws for feet.
Your magical nature lets you fly swiftly and evasively.


Message History

Aiming: Shock (safe; 1% risk of failure)
Press: ? - help, Shift-Dir - straight line The zap hits the two-headed ogre!
The two-headed ogre is moderately wounded.
The zap hits the two-headed ogre.
The two-headed ogre is moderately wounded.
Casting: Shock (safe; 1% risk of failure)
Confirm with . or Enter, or press ? or * to list all spells.
Aiming: Shock (safe; 1% risk of failure)
Press: ? - help, Shift-Dir - straight line The zap hits the two-headed ogre!
The two-headed ogre is heavily wounded.
The zap hits the two-headed ogre.
The two-headed ogre is heavily wounded.
Casting: Shock (safe; 1% risk of failure)
Confirm with . or Enter, or press ? or * to list all spells.
Aiming: Shock (safe; 1% risk of failure)
Press: ? - help, Shift-Dir - straight line
Okay, then.
Casting: Shock (safe; 1% risk of failure)
Confirm with . or Enter, or press ? or * to list all spells.
The two-headed ogre is struck by an arc of lightning.
The two-headed ogre is heavily wounded.
You are struck by an arc of lightning.
The two-headed ogre is struck by an arc of lightning.
The two-headed ogre is heavily wounded.
You are struck by an arc of lightning.
The two-headed ogre is struck by an arc of lightning.
The two-headed ogre is severely wounded.
The lightning grounds out.
The two-headed ogre misses you.
The two-headed ogre hits you with a +0 giant club!!
Casting: Static Discharge (safe; 1% risk of failure)
Confirm with . or Enter, or press ? or * to list all spells.
The two-headed ogre is struck by an arc of lightning.
The two-headed ogre is severely wounded.
You are struck by an arc of lightning.
The lightning grounds out.
The two-headed ogre hits you with a +0 giant spiked club!!
* * * LOW HITPOINT WARNING * * *
The two-headed ogre hits you with a +0 giant club!
You die...

####..# ####.####
......#######..#
.###..........##
.....####.#####
.###.####.########
...?.......O.....#
.###.####.######.#
.# #.# #.# #O# .#
#.# #.# #@# .# #.#
#O# ##.##
.###.####.#####...##
.##.......##....)#.#
.....#######.##.#.##
..@..# #.###.##
.#<..# #.# ###
..####### #.#
........# #.#


You could see a two-headed ogre.

Vanquished Creatures
  Pikel (D:8)
  Psyche (D:8)
  4 yaks (D:8)
  A steam dragon (D:8)
  2 water moccasins
  A sky beast (D:7)
  3 black bears
  An ogre (D:6)
  3 centaurs
  2 lemures (D:8)
  A bullfrog (D:6)
  A gnoll sergeant (D:8)
  A water moccasin zombie (D:5)
  A wyvern zombie (D:7)
  4 scorpions
  A wyvern skeleton (D:7)
  A water moccasin skeleton (D:4)
  2 howler monkeys
  3 wights (D:7)
  A centaur zombie (D:7)
  2 bullfrog zombies
  3 centaur skeletons
  4 hounds
  2 jellies
  A bullfrog skeleton (D:5)
  An orc priest (D:7)
  An iguana (D:5)
  A hound zombie (D:5)
  A howler monkey skeleton (D:7)
  6 adders
  16 gnolls
  A shadow imp (D:8)
  2 white imps
  2 ufetubi
  An adder skeleton (D:4)
  A worm (D:5)
  A dart slug (D:5)
  8 orcs
  6 bats
  7 endoplasms
  3 giant cockroaches
  6 goblins
  2 hobgoblins (D:4)
  4 quokkas
  6 ball pythons
  2 frilled lizards
  6 kobolds
  6 rats
137 creatures vanquished.

Vanquished Creatures (others)
  4 withered plants (D:3)
4 creatures vanquished.

Grand Total: 141 creatures vanquished

Notes
Turn   | Place    | Note
-------+----------+-------------------------------------------
     0 | D:1      | Spaninq the Tengu Air Elementalist began the quest for the
                  | Orb.
     0 | D:1      | Reached XP level 1. HP: 10/10 MP: 4/4
    81 | D:1      | Found a faded altar of an unknown god.
   256 | D:1      | Reached XP level 2. HP: 16/16 MP: 4/6
   720 | D:1      | Learned a level 2 spell: Static Discharge
  1105 | D:2      | Reached XP level 3. HP: 20/20 MP: 5/7
  1803 | D:3      | Found a runed translucent gate.
  1803 | D:3      | Found a runed translucent gate.
  1803 | D:3      | Found a runed translucent gate.
  1873 | D:3      | Reached skill level 1 in Fighting
  1887 | D:3      | Noticed poop123's ghost (amateur TrMo)
  1887 | D:3      | Noticed CowFu's ghost (amateur DDFi)
  1888 | D:3      | Noticed CryptKilla's ghost (amateur PaFi)
  2124 | D:3      | Reached XP level 4. HP: 25/25 MP: 6/9
  2869 | D:4      | Reached skill level 5 in Air Magic
  2917 | D:4      | Gained mutation: Your magical nature lets you fly swiftly
                  | and evasively. [Tengu growth]
  2917 | D:4      | Reached XP level 5. HP: 24/29 MP: 6/10
  3298 | D:4      | Found a faded altar of an unknown god.
  3502 | D:4      | Got the Papyrus of the Glacier
  3528 | D:4      | Reached XP level 6. HP: 24/35 MP: 0/12
  3783 | D:4      | Found a shadowy altar of Dithmenos.
  3808 | D:4      | Found an ancient bone altar of Kikubaaqudgha.
  4089 | D:5      | Entered Level 5 of the Dungeon
  4239 | D:5      | Found a basalt altar of Yredelemnul.
  4329 | D:5      | Found a broken altar of Ashenzari.
  4337 | D:5      | Became a worshipper of Ashenzari the Shackled
  4604 | D:5      | Learned a level 4 spell: Airstrike
  4627 | D:5      | Reached skill level 5 in Conjurations
  4627 | D:5      | Reached XP level 7. HP: 16/40 MP: 7/14
  5401 | D:5      | Found a staircase to the Ecumenical Temple.
  5416 | Temple   | Entered the Ecumenical Temple
  6116 | D:6      | Reached XP level 8. HP: 46/46 MP: 10/15
  6787 | D:6      | Reached skill level 5 in Spellcasting
  7795 | D:7      | Reached XP level 9. HP: 52/52 MP: 5/18
  8137 | D:7      | Found Iduckot's Magic Scroll Shop.
  8839 | D:7      | Noticed a manticore
  8974 | D:8      | Noticed Psyche
  9245 | D:8      | Found a runed translucent gate.
  9245 | D:8      | Noticed a green ugly thing
  9246 | D:8      | Found a runed translucent gate.
  9246 | D:8      | Noticed a glowing orange brain
  9246 | D:8      | Noticed a purple ugly thing
  9247 | D:8      | Found a runed translucent gate.
  9247 | D:8      | Noticed a green ugly thing
  9423 | D:8      | Noticed a two-headed ogre
  9528 | D:8      | Killed Psyche
  9623 | D:8      | Reached skill level 10 in Air Magic
  9731 | D:8      | Noticed Pikel
  9733 | D:8      | Noticed Harold
  9753 | D:8      | Killed Pikel
  9754 | D:8      | Reached skill level 5 in Fighting
  9754 | D:8      | Reached XP level 10. HP: 59/59 MP: 15/21
 10169 | D:8      | Reached skill level 10 in Conjurations
 10578 | D:8      | Mangled by a two-headed ogre

Illustrated notes

Levels and vault maps discovered:
D:1:      mrwooster_arrival_statue_2, layout_rooms,
          chequers_ecumenical_altar_island
D:2:      layout_loops_ring
D:3:      layout_rooms, gammafunk_ghost_cemetery, kennysheep_generic_room_16
D:4:      layout_cave_pools, mainiacjoe_overflow_two_lobes, serial_column_ruins,
          column_ruins_hut, column_ruins_temple_hut, column_ruins_open_small,
          column_ruins_grid_1, column_ruins_open_large, column_ruins_open_tiny,
          minmay_door_square
D:5:      layout_rooms, nicolae_overflow_hidden_temple, ashenzari_altar_1,
          minmay_temple_entry_drinking_statues, serial_rivers,
          chequers_serial_rivers_room_a, chequers_serial_rivers_marsh,
          chequers_serial_rivers_micro_d, chequers_serial_rivers_room_b
D:6:      layout_basic
D:7:      minmay_chambers_of_sevens, layout_basic, serial_shops,
          nicolae_shop_behind_doors
D:8:      layout_loops_ring, ploomutoo_gammafunk_ghost_potion_laboratory,
          minmay_misc_feat_more_columns, uniq_pikel, uniq_psyche, uniq_harold
Temple:   dpeg_five_rooms_temple

Skill      XL: |  1  2  3  4  5  6  7  8  9 10 |
---------------+-------------------------------+-----
Conjurations   | 2 3 4 5 6 7 9 10 | 10.0
Fighting       | 1 2 3 4 5 |  5.3
Spellcasting   | 3 4 5 7 |  7.3
Air Magic      | 5 6 7 8 10 | 10.7
Dodging        | |  2.1
Stealth        | |  2.0

Action                   |  1- 3 |  4- 6 |  7- 9 | 10-12 || total
-------------------------+-------+-------+-------+-------++-------
Throw: Boomerang         |       |     1 |       |       ||     1
 Cast: Shock             |    72 |   101 |   176 |    29 ||   378
       Static Discharge  |       |     7 |    21 |     8 ||    36
       Airstrike         |       |       |    10 |       ||    10
Invok: Curse Item        |       |       |     1 |       ||     1
Armor: Robe              |     9 |     2 |     8 |     1 ||    20
Dodge: Dodged            |    12 |    15 |    43 |     2 ||    72

Table legend: (Time is in decaauts)
 A = Elapsed time spent in this place.
 B = Non-inter-level travel time spent in this place.
 C = Inter-level travel time spent in this place.
 D = Time resting spent in this place.
 E = Time spent auto-exploring this place.
 F = Levels seen in this place.
 G = Mean time per level.
                   A        B        C        D        E       F      G
               +--------+--------+--------+--------+--------+-----+--------+
         Total |  10176 |   9545 |    631 |   2445 |   5300 |   9 | 1130.7 |
       Dungeon |   9914 |   9310 |    604 |   2445 |   5076 |   8 | 1239.2 |
        Temple |    261 |    234 |     27 |      0 |    223 |   1 |  261.0 |
               +--------+--------+--------+--------+--------+-----+--------+

Top non-repeatable levels by time:
     D:7: 1749 daAuts
     D:4: 1430 daAuts
     D:5: 1428 daAuts
     D:8: 1395 daAuts
     D:6: 1086 daAuts
     D:1: 972 daAuts
     D:2: 960 daAuts
     D:3: 892 daAuts
  Temple: 261 daAuts
